 Dungeon Crawl Stone Soup version 0.29-a0-473-gacb4ef3 (webtiles) character file.

Game seed: 15222318285205892872

2577 Toastz the Grappler (level 9, -1/89 HPs)
             Began as a Troll Fighter on May 23, 2022.
             Was a Believer of Makhleb.
             Killed from afar by Erica (17 damage)
             ... with a bolt of poison
             ... on level 8 of the Dungeon.
             The game lasted 00:11:54 (5063 turns).

Toastz the Grappler (Troll Fighter)                 Turns: 5063, Time: 00:11:54

Health: -1/89      AC:  6    Str: 30    XL:     9   Next: 32%
Magic:  8/8        EV:  9    Int:  4    God:    Makhleb [**....]
Gold:   475        SH: 10    Dex: 15    Spells: 8/8 levels left

rFire   . . .      SeeInvis .     - Unarmed
rCold   . . .      Faith    .   b - +1 kite shield
rNeg    . . .      Spirit   .   a - +0 robe
rPois   .          Reflect  .   (helmet restricted)
rElec   .          Harm     .   z - +1 cloak
rCorr   .          Rampage  .   (gloves unavailable)
Will    .....                   (boots unavailable)
Stlth   +.........              s - amulet of the acrobat
HPRegen 1.04/turn               y - +6 ring of dexterity
MPRegen 0.11/turn               (no ring)

@: mighty, lethally poisoned (-1 -> -11), about to teleport
A: large, unfitting armour, claws 3, regeneration 1, shaggy fur 1, tough skin 1
a: Renounce Religion, Minor Destruction


You were on level 8 of the Dungeon.
You worshipped Makhleb.
Makhleb was pleased with you.
You visited 2 branches of the dungeon, and saw 9 of its levels.

You collected 475 gold pieces.

Inventory:

Missiles
 d - 143 stones
 l - 9 poisoned darts
 p - 3 javelins
Armour
 a - a +0 robe (worn)
 b - a +1 kite shield (worn)
 z - a +1 cloak (worn)
Jewellery
 s - an amulet of the acrobat (around neck)
 y - a +6 ring of dexterity (left claw)
Wands
 w - a wand of charming (10)
Scrolls
 e - 2 scrolls of fog {unknown}
 f - 2 scrolls of summoning
 g - 3 scrolls of vulnerability
 i - 3 scrolls of immolation
 j - 5 scrolls of enchant weapon
 m - a scroll of teleportation
 n - a scroll of fear {unknown}
 o - a scroll of blinking {unknown}
 r - a scroll of torment {unknown}
 t - a scroll of magic mapping {unknown}
 v - a scroll of poison {unknown}
Potions
 c - 5 potions of might
 h - 3 potions of haste {unknown}
 k - 2 potions of heal wounds
 q - 2 potions of magic {unknown}
 u - a potion of brilliance
 x - a potion of resistance {unknown}
 A - a potion of flight {unknown}
 C - a potion of attraction {unknown}


   Skills:
 - Level 6.0 Fighting
 - Level 2.5 Dodging
 + Level 5.1 Shields
 * Level 9.9 Unarmed Combat
 + Level 0.7 Invocations


You had 8 spell levels left.
You didn't know any spells.
Your spell library contained the following spells:

 Spells                   Type           Power      Damage    Failure   Level
 Foxfire                  Conj/Fire      0%         2x1d4     77%         1
 Conjure Flame            Conj/Fire      0%         6-21      98%         3
 Inner Flame              Hex/Fire       0%         N/A       98%         3
 Flame Wave               Conj/Fire      0%         2d4       100%        4
 Summon Ice Beast         Ice/Summ       0%         N/A       100%        4
 Summon Mana Viper        Hex/Summ       0%         N/A       100%        5
 Monstrous Menagerie      Summ           0%         N/A       100%        7


Dungeon Overview and Level Annotations

Branches:
Dungeon (8/15)             Temple (1/1) D:4
   Lair: D:8-11

Altars:
Ashenzari
Cheibriados
Dithmenos
Fedhas
Gozag
Hepliaklqana
Kikubaaqudgha
Makhleb
Nemelex Xobeh
Okawaru
Qazlal
Ru
Sif Muna
Trog
Uskayaw
Vehumet
Wu Jian
Xom
Yredelemnul
The Shining One

Shops:
D:3 *

Annotations:
D:4 1 runed translucent door, Giibl3ts's ghost, amateur VSWr
D:8 Erica


Innate Abilities, Weirdness & Mutations

You are too large for most types of armour.
You have claws for hands.
Your natural rate of healing is unusually fast.
You are covered in fur. (AC +1)
You have tough skin. (AC +1)


Message History

You fail to use your ability.
You feel very sick.
Okay, then.
You feel very mighty all of a sudden.
You feel very sick.
Erica hits you with a +2 scimitar of flaming.
Erica burns you.
You claw Erica!
Erica is moderately wounded.
You feel sick. You block Erica's attack.
You closely miss Erica.
Erica is moderately wounded.
You feel sick. Erica barely misses you.
You barely miss Erica.
Erica is moderately wounded.
You feel sick.
Erica hits you with a +2 scimitar of flaming!
Erica burns you.
You closely miss Erica.
Erica is moderately wounded.
Erica hits you with a +2 scimitar of flaming!
Erica burns you.
You barely miss Erica.
Erica is moderately wounded.
You feel sick. Erica casts a spell at you. You resist with significant effort.
You mangle Erica!!
Erica is heavily wounded.
You feel sick.
Erica hits you with a +2 scimitar of flaming!
* * * LOW HITPOINT WARNING * * *
Erica burns you.
* * * LOW HITPOINT WARNING * * *
As you read the scroll of teleportation, it crumbles to dust.
You feel strangely unstable.
You feel sick. Erica casts a spell at you. The bolt of poison hits you!
You are more poisoned.
You die...

#.........#
+..?......+
......... .......
..... ... #h# #@#
#@# ##.##
####...########
#..............
.##.##...##.#####
........###.#
###.........#
#####.##### #.#


You could see Erica and a black bear.

Vanquished Creatures
  Eustachio (D:6)
  2 black bears (D:5)
  An ice beast (D:5)
  A sky beast (D:5)
  An ogre (D:7)
  2 centaurs
  2 phantoms
  Blork the orc (D:6)
  A necrophage (D:5)
  4 bullfrogs
  2 scorpions
  3 wights (D:8)
  A howler monkey (D:6)
  4 bullfrog zombies (D:6)
  A centaur zombie (D:6)
  3 orc priests
  3 jellies
  Crazy Yiuf (D:6)
  3 hounds
  2 bullfrog skeletons (D:6)
  Ijyb (D:4)
  3 iguanas
  5 orc wizards
  A howler monkey zombie (D:6)
  11 adders
  A howler monkey skeleton (D:6)
  A white imp (D:6)
  2 ufetubi
  2 worms (D:2)
  3 dart slugs
  15 orcs
  9 ball pythons
  4 bats
  5 endoplasms
  5 giant cockroaches
  3 goblins
  10 hobgoblins
  2 jackals (D:5)
  2 quokkas
  2 frilled lizards
  2 kobolds (D:3)
  8 rats
136 creatures vanquished.

Vanquished Creatures (others)
  6 withered plants (D:6)
6 creatures vanquished.

Grand Total: 142 creatures vanquished

Notes
Turn   | Place    | Note
-------+----------+-------------------------------------------
     0 | D:1      | Toastz the Troll Fighter began the quest for the Orb.
     0 | D:1      | Reached XP level 1. HP: 22/22 MP: 0/0
   309 | D:1      | Reached XP level 2. HP: 29/29 MP: 1/1
   349 | D:1      | Found a faded altar of an unknown god.
  1017 | D:2      | Reached XP level 3. HP: 28/36 MP: 2/2
  1048 | D:2      | Found a hide-covered altar of Uskayaw.
  1131 | D:2      | Reached skill level 3 in Unarmed Combat
  1713 | D:3      | Found Zieq's Assorted Antiques.
  1909 | D:4      | Reached XP level 4. HP: 45/45 MP: 3/3
  1916 | D:4      | Found a runed translucent door.
  1919 | D:4      | Noticed a steam dragon
  1919 | D:4      | Noticed Giibl3ts's ghost (amateur VSWr)
  1979 | D:4      | Noticed a bullfrog
  1993 | D:4      | Killed a bullfrog
  1994 | D:4      | Reached skill level 4 in Unarmed Combat
  1994 | D:4      | Reached XP level 5. HP: 28/53 MP: 4/4
  2111 | D:4      | Reached XP level 6. HP: 57/61 MP: 5/5
  2168 | D:4      | Found a staircase to the Ecumenical Temple.
  2208 | Temple   | Entered the Ecumenical Temple
  2461 | Temple   | Became a worshipper of Makhleb the Destroyer
  2544 | D:4      | Noticed Ijyb
  2561 | D:4      | Killed Ijyb
  2672 | D:5      | Entered Level 5 of the Dungeon
  2692 | D:5      | Reached skill level 5 in Unarmed Combat
  2735 | D:5      | Found an opulent altar of Gozag.
  2785 | D:5      | Reached XP level 7. HP: 64/70 MP: 6/6
  2927 | D:5      | Reached skill level 6 in Unarmed Combat
  3313 | D:5      | Found a sacrificial altar of Ru.
  3322 | D:5      | Found a shimmering blue altar of Sif Muna.
  3333 | D:5      | Reached skill level 7 in Unarmed Combat
  3333 | D:5      | Reached XP level 8. HP: 32/79 MP: 7/7
  3379 | D:5      | Found a glowing golden altar of the Shining One.
  3379 | D:5      | Found a stormy altar of Qazlal.
  3388 | D:5      | Found a hide-covered altar of Uskayaw.
  3464 | D:6      | Noticed Eustachio
  3483 | D:6      | Killed Eustachio
  3508 | D:6      | Reached * piety under Makhleb
  3513 | D:6      | Reached skill level 5 in Shields
  3604 | D:6      | Reached skill level 5 in Fighting
  3606 | D:6      | Noticed Blork the orc
  3714 | D:6      | Reached skill level 8 in Unarmed Combat
  3913 | D:6      | Reached ** piety under Makhleb
  3969 | D:6      | Killed Blork the orc
  3979 | D:6      | Found a runed translucent door.
  3980 | D:6      | Noticed Crazy Yiuf
  4059 | D:6      | Reached skill level 9 in Unarmed Combat
  4061 | D:6      | Reached XP level 9. HP: 89/89 MP: 8/8
  4226 | D:6      | Killed Crazy Yiuf
  5050 | D:8      | Noticed Erica
  5063 | D:8      | Killed from afar by Erica

Illustrated notes

Levels and vault maps discovered:
D:1:      lordsloth_arrival_two_stooges, layout_loops_corners,
          ebering_ecumenical_altar_hall
D:2:      layout_basic, basic_altar, serial_corexii_hall,
          corexii_hall_statues_i, corexii_hall_statues_deadend,
          corexii_hall_statues_i, chequers_hall_statues_wall_a
D:3:      layout_rooms, serial_shops, shop
D:4:      layout_rooms, minmay_temple_entry_mini_moons,
          ebering_ghost_inner_flame, minmay_hedge_maze, uniq_ijyb
D:5:      layout_basic, nicolae_gozag_cash_rules_everything_around_me,
          nicolae_overflow_hallway_of_the_gods
D:6:      layout_cave_pools, serial_undead, serial_undead_c, serial_undead_e,
          serial_undead_d, serial_undead_b, serial_undead_b, serial_undead_c,
          minmay_increasing_density, uniq_eustachio, uniq_crazy_yiuf_cottage,
          uniq_blork_the_orc
D:7:      layout_basic
D:8:      layout_loops_corners, uniq_erica
Temple:   dpeg_chambers_temple

Skill      XL: |  1  2  3  4  5  6  7  8  9 |
---------------+----------------------------+-----
Unarmed Combat | 3 4 5 7 9 |  9.9
Fighting       | 3 4 5 6 |  6.0
Shields        | 3 4 5 |  5.1
Dodging        | |  2.5
Invocations    | |  0.7

Action                   |  1- 3 |  4- 6 |  7- 9 || total
-------------------------+-------+-------+-------++-------
Melee: Unarmed           |   130 |   100 |   218 ||   448
Throw: Stone             |     3 |    18 |     4 ||    25
Invok: Minor Destruction |       |       |     3 ||     3
  Use: Scroll            |     6 |       |     6 ||    12
       Potion            |       |       |     1 ||     1
 Stab: Sleeping          |     1 |       |       ||     1
Armor: Robe              |    35 |    30 |    65 ||   130
Dodge: Dodged            |    39 |    51 |    89 ||   179
Block: Kite shield       |    50 |    31 |   114 ||   195

Table legend: (Time is in decaauts)
 A = Elapsed time spent in this place.
 B = Non-inter-level travel time spent in this place.
 C = Inter-level travel time spent in this place.
 D = Time resting spent in this place.
 E = Time spent auto-exploring this place.
 F = Levels seen in this place.
 G = Mean time per level.
                   A        B        C        D        E       F      G
               +--------+--------+--------+--------+--------+-----+--------+
         Total |   5080 |   4733 |    347 |    116 |   3508 |   9 |  564.4 |
       Dungeon |   4799 |   4526 |    273 |    116 |   3316 |   8 |  599.9 |
        Temple |    280 |    206 |     74 |      0 |    192 |   1 |  280.0 |
               +--------+--------+--------+--------+--------+-----+--------+

Top non-repeatable levels by time:
     D:1: 811 daAuts
     D:5: 800 daAuts
     D:6: 800 daAuts
     D:2: 698 daAuts
     D:4: 541 daAuts
     D:7: 513 daAuts
     D:3: 356 daAuts
  Temple: 280 daAuts
     D:8: 275 daAuts
